 Dungeon Crawl Stone Soup version 0.19.1-1-g22dce08 (webtiles) character file.

5838 nikopol the Cleaver (level 10, -5/64 HPs)
             Began as a Gargoyle Berserker on Jan 15, 2017.
             Was a High Priest of Trog.
             Killed from afar by an ice statue (32 damage)
             ... with a bolt of cold
             ... in an ice cave.
             The game lasted 00:30:50 (8058 turns).

nikopol the Cleaver (Gargoyle Berserker)            Turns: 8058, Time: 00:30:51

Health: -5/64      AC: 26    Str: 21    XL:     10   Next: 80%
Magic:  10/10      EV: 10    Int:  9    God:    Trog [*****.]
Gold:   561        SH:  0    Dex: 14    Spells: 0 memorised, 9 levels left

rFire  . . .     SeeInvis .     z - +0 shortbow
rCold  . . .     Gourm    .     x - +0 chain mail
rNeg   + . .     Faith    .     (shield currently unavailable)
rPois  ∞         Spirit   .     h - +1 helmet
rElec  +         Reflect  .     t - +0 cloak
rCorr  .         Harm     .     n - +0 pair of gloves
MR     .....                    (no boots)
Stlth  ..........               k - amulet of regeneration
                                R - +4 ring of protection
                                H - +3 ring of dexterity

@: no status effects
A: negative energy resistance 1, electricity resistance, unbreathing,
petrification resistance, rot immunity, AC +7
a: Berserk, Trog's Hand, Brothers in Arms, Burn Spellbooks, Renounce Religion


You were in an ice cave.
You worshipped Trog.
Trog was extremely pleased with you.
You were not hungry.

You visited 2 branches of the dungeon, and saw 10 of its levels.
You also visited: Ice Cave.

You collected 561 gold pieces.

Inventory:

Hand Weapons
 a - a +3 war axe of draining
 z - a +0 shortbow (weapon)
Missiles
 B - 23 arrows (quivered)
Armour
 h - a +1 helmet (worn)
 n - a +0 pair of gloves (worn)
 t - a +0 cloak (worn)
 x - a +0 chain mail (worn)
 M - a +3 plate armour
Jewellery
 g - an uncursed ring of wizardry {unknown}
 k - an amulet of regeneration (around neck)
 H - a +3 ring of dexterity (left hand)
 R - a +4 ring of protection (right hand)
Wands
 F - a wand of paralysis (19/24)
 Q - a wand of lightning (4/15)
Scrolls
 b - 5 scrolls of identify
 e - 2 scrolls of remove curse
 l - a scroll of vulnerability
 s - 2 scrolls of recharging
 y - a scroll of blinking
 D - a scroll of amnesia
 L - a scroll of fear
 O - 2 scrolls of magic mapping
 P - 4 scrolls of teleportation {unknown}
Potions
 d - 4 potions of heal wounds
 p - a potion of agility
 q - 2 potions of curing
 v - a potion of invisibility {unknown}
 w - a potion of magic {unknown}
 A - a potion of lignification {unknown}
 C - a potion of flight {unknown}
 E - 2 potions of berserk rage
 I - a potion of mutation {unknown}
 J - a potion of might {unknown}
Comestibles
 c - 12 bread rations
 f - a royal jelly
 i - 4 fruits
 j - 5 meat rations
 o - a slice of pizza
 r - 5 beef jerkies
 S - 6 chunks of flesh


   Skills:
 + Level 7.6 Fighting
 * Level 8.1 Axes
 * Level 7.9 Bows
 + Level 7.4 Armour
 + Level 5.3 Dodging


You had 9 spell levels left.
You didn't know any spells.

Dungeon Overview and Level Annotations

Branches:
Dungeon (9/15)             Temple (0/1) D:5            Lair (1/6) D:8
    Orc (0/2) D:9

Altars:
Ashenzari
Cheibriados
Elyvilon
Fedhas
Gozag
Kikubaaqudgha
Qazlal
Trog
Vehumet
Xom
Zin
The Shining One

Shops:
D:5 %   D:9 *

Annotations:
IceCv exclusion: ice statue


Innate Abilities, Weirdness & Mutations

You are resistant to torment.
Your stone body is resilient. (AC +7)
You are immune to poison.
You resist negative energy. (rN+)
You are resistant to electric shocks. (rElec)
You can survive without breathing.
You are immune to petrification.
You are immune to rotting.


Message History

Really walk into a travel-excluded area?
The ice statue gestures at you. The bolt of cold hits you!
Firing (i - inventory):
B - 25 arrows (quivered)
Press: ? - help, Shift-Dir - straight line, f/p - ice statue
Aim: an ice statue (severely damaged)
You shoot an arrow. The arrow hits the ice statue.
The ice statue is severely damaged.
The ice statue gestures at you. The shard of ice hits you!
Firing (i - inventory):
B - 24 arrows (quivered)
Press: ? - help, Shift-Dir - straight line, f/p - ice statue
Aim: an ice statue (severely damaged)
You shoot an arrow.
The arrow hits the ice statue but does no damage.
The ice statue is severely damaged.
The ice statue gestures at you. The bolt of cold hits you!
Ouch! That really hurt!
You die...

#......## #..##...##
#. #...##...### .###
##..####...## #...
#####..####...# .8.
##.##.#..###..## ..#
#.#..#†≈..##..# (.#
##.#.##..##..####(.#
#(#.##÷.##.}..#.@.#
#####..####.#....##
##.## ######## ##..#
#...## ##...# #...##
#...# #.∩.#


You could see an ice statue.

Vanquished Creatures
  Psyche (D:9)
  A polar bear (IceCv)
  Prince Ribbit (D:8)
  A hippogriff (D:9)
  A spriggan (D:8)
  A wyvern (Lair:1)
  5 yaks
  A porcupine (Lair:1)
  2 ice beasts
  A black bear (D:7)
  2 sky beasts
  6 orc warriors
  5 ogres
  3 phantoms
  2 wolves (IceCv)
  2 centaurs
  Blork the orc (D:4)
  A big kobold (D:9)
  2 bullfrogs (D:8)
  A scorpion (D:8)
  10 wights
  4 howler monkeys
  2 crimson imps
  3 hounds
  A jelly (D:6)
  5 orc priests
  A centaur skeleton (D:4)
  A bullfrog zombie (D:6)
  3 iguanas
  6 orc wizards
  2 worker ants
  2 hound zombies (D:7)
  2 hound skeletons
  2 worker ant zombies (D:8)
  8 gnolls
  7 adders
  A shadow imp (D:7)
  A worm (D:2)
  7 dart slugs
  3 leopard geckos
  36 orcs
  9 bats
  3 giant cockroaches
  3 goblins
  10 hobgoblins
  15 jackals
  3 quokkas
  A ball python (D:1)
  3 frilled lizards
  A jackal skeleton (D:4)
  9 kobolds
  A quokka skeleton (D:7)
  4 rats
209 creatures vanquished.

Vanquished Creatures (collateral kills)
  An orc warrior (D:6)
1 creature vanquished.

Vanquished Creatures (others)
  A yak (IceCv)
  A wolf (IceCv)
2 creatures vanquished.

Grand Total: 212 creatures vanquished

Notes
Turn   | Place    | Note
-------+----------+-------------------------------------------
     0 | D:1      | nikopol the Gargoyle Berserker began the quest for the Orb.
     0 | D:1      | Reached XP level 1. HP: 14/14 MP: 1/1
   174 | D:1      | Reached XP level 2. HP: 18/19 MP: 2/2
   386 | D:1      | Reached XP level 3. HP: 12/24 MP: 3/3
   568 | D:1      | Reached skill level 3 in Axes
   773 | D:1      | Reached ** piety under Trog
  1049 | D:2      | Found a shattered altar of Ashenzari.
  1055 | D:2      | HP: 1/36 [gnoll (4)]
  1056 | D:2      | Reached XP level 4. HP: 1/29 MP: 4/4
  2074 | D:3      | Reached XP level 5. HP: 14/34 MP: 5/5
  2250 | D:3      | Noticed a centaur
  2283 | D:3      | Killed a centaur
  2283 | D:3      | Reached XP level 6. HP: 14/39 MP: 6/6
  3068 | D:3      | Reached skill level 1 in Bows
  3161 | D:4      | Reached skill level 4 in Axes
  3236 | D:4      | Found a stormy altar of Qazlal.
  3300 | D:4      | Reached *** piety under Trog
  3441 | D:4      | Reached skill level 5 in Fighting
  3441 | D:4      | Reached XP level 7. HP: 32/44 MP: 7/7
  3602 | D:4      | Found a snail-covered altar of Cheibriados.
  3647 | D:4      | Noticed Blork the orc
  3655 | D:4      | Killed Blork the orc
  3787 | D:5      | Entered Level 5 of the Dungeon
  3859 | D:5      | Found Fuleqoda's Food Shoppe.
  4194 | D:5      | Found a staircase to the Ecumenical Temple.
  4237 | D:5      | Reached skill level 5 in Axes
  4237 | D:5      | Reached XP level 8. HP: 47/50 MP: 8/8
  4435 | D:6      | Reached **** piety under Trog
  4489 | D:6      | Found a bloodstained altar of Trog.
  4608 | D:6      | Found an opulent altar of Gozag.
  4657 | D:6      | Reached skill level 5 in Armour
  4797 | D:6      | HP: 2/51 [orc warrior/halberd (10)]
  4929 | D:6      | Reached skill level 6 in Axes
  4929 | D:6      | Reached skill level 5 in Bows
  4929 | D:6      | Reached XP level 9. HP: 48/55 MP: 9/9
  5513 | D:7      | Found a radiant altar of Vehumet.
  5543 | D:7      | Received a gift from Trog
  5789 | D:7      | Found an ancient bone altar of Kikubaaqudgha.
  6201 | D:8      | Noticed Prince Ribbit
  6219 | D:8      | Killed Prince Ribbit
  6262 | D:8      | Found a shimmering altar of Xom.
  6571 | D:8      | Found a staircase to the Lair.
  6600 | D:8      | Reached skill level 7 in Axes
  6745 | D:8      | Found a glowing golden altar of the Shining One.
  6751 | D:8      | Found a blossoming altar of Fedhas.
  6754 | D:8      | Found a white marble altar of Elyvilon.
  6800 | D:8      | Reached XP level 10. HP: 63/63 MP: 10/10
  7014 | D:9      | Noticed Psyche
  7025 | D:9      | Killed Psyche
  7025 | D:9      | Reached skill level 5 in Dodging
  7157 | D:9      | Reached ***** piety under Trog
  7169 | D:9      | Found a staircase to the Orcish Mines.
  7492 | D:9      | Found Zin's Purification Station.
  7495 | D:9      | Found a glowing silver altar of Zin.
  7797 | Lair:1   | Entered Level 1 of the Lair of Beasts
  7871 | Lair:1   | Reached skill level 8 in Axes
  7877 | Lair:1   | Found a frozen archway.
  7887 | IceCv    | Entered an ice cave
  7988 | IceCv    | Noticed an ice statue
  8058 | IceCv    | Killed from afar by an ice statue

Skill      XL: |  1  2  3  4  5  6  7  8  9 10 |
---------------+-------------------------------+-----
Axes           | 3 4 5 6 7 8 |  8.1
Dodging        | 2 3 4 5 |  5.3
Armour         | 3 4 5 6 7 |  7.4
Fighting       | 4 5 6 7 |  7.6
Bows           | 1 3 5 6 7 |  7.9

Action                   |  1- 3 |  4- 6 |  7- 9 | 10-12 || total
-------------------------+-------+-------+-------+-------++-------
Melee: Hand axe          |   101 |   219 |    10 |       ||   330
       War axe           |       |       |   215 |   120 ||   335
 Fire: Shortbow          |       |    45 |   229 |   115 ||   389
Invok: Berserk           |     2 |     2 |     3 |     1 ||     8
       Burn Spellbooks   |       |     1 |     3 |       ||     4
       Brothers in Arms  |       |       |     1 |       ||     1
  Use: Scroll            |       |       |     6 |    12 ||    18
 Stab: Invisible         |       |       |       |     2 ||     2
  Eat: Chunk             |     2 |     9 |    15 |     5 ||    31
Armor: Animal skin       |    55 |       |       |       ||    55
       Ring mail         |       |    42 |       |       ||    42
       Chain mail        |       |    83 |   196 |    89 ||   368
Dodge: Dodged            |    71 |   106 |   146 |    76 ||   399
